 Dungeon Crawl Stone Soup version 0.24.0-13-gcf9b319 (webtiles) character file.

Game seed: 4619476401496727430, levelgen mode: deterministic

75 Bronimir the Digger (level 4, -13/30 HPs)
             Began as a Formicid Earth Elementalist on Mar 21, 2020.
             Mangled by an orc warrior
             ... wielding a +0 scimitar
              (20 damage)
             ... on level 2 of the Dungeon.
             The game lasted 00:05:58 (2123 turns).

Bronimir the Digger (Formicid Earth Elementalist)   Turns: 2123, Time: 00:05:58

Health: -13/30     AC:  3    Str: 14    XL:     4   Next: 55%
Magic:  2/7        EV: 11    Int: 14    God:
Gold:   79         SH:  3    Dex: 11    Spells: 2/8 levels left

rFire    . . .     SeeInvis +   a - +1 spear
rCold    . . .     Gourm    .   k - +0 buckler
rNeg     . . .     Faith    .   e - +0 leather armour
rPois    .         Spirit   .   (helmet unavailable)
rElec    .         Reflect  .   (no cloak)
rCorr    .         Harm     .   (no gloves)
MR       .....                  (no boots)
Stlth    ++........             (no amulet)
HPRegen  0.10/turn              (no ring)
MPRegen  0.10/turn              (no ring)

@: very slightly contaminated
A: permanent stasis, dig shafts and tunnels, four strong arms, antennae 3
a: Dig, Shaft Self


You were on level 2 of the Dungeon.
You were not hungry.

You visited 1 branch of the dungeon, and saw 3 of its levels.

You collected 79 gold pieces.

Inventory:

Hand Weapons
 a - a +1 spear (weapon)
Missiles
 b - 113 stones (quivered)
 q - 16 arrows
Armour
 c - a +0 robe
 e - a +0 leather armour (worn)
 k - a +0 buckler (worn)
 n - a +0 ring mail
Jewellery
 l - an uncursed ring of ice
Scrolls
 g - 5 scrolls of identify {unknown}
 m - a scroll of enchant weapon
 p - a scroll of immolation {unknown}
Potions
 f - a potion of curing
 h - a potion of heal wounds {unknown}
 j - a potion of magic {unknown}
Comestibles
 d - 3 rations


   Skills:
 + Level 0.3 Fighting
 * Level 1.0 Polearms
 * Level 1.6 Armour
 + Level 2.0 Dodging
 - Level 2.4 Stealth
 + Level 2.6 Spellcasting
 + Level 1.1 Transmutations
 * Level 4.8 Earth Magic


You had 2 spell levels left.
You knew the following spells:

 Your Spells              Type           Power        Failure   Level  Hunger
a - Sandblast             Erth           ###...       6%          1    #......
b - Passwall              Tmut/Erth      ##......     21%         2    ###....
c - Stone Arrow           Conj/Erth      #.....       45%         3    ###....

Your spell library contained the following spells:

 Spells                   Type           Power        Failure   Level  Hunger
 Petrify                  Tmut/Erth      ##......     80%         4    #####..
 Lee's Rapid Deconstruct  Erth           ###.......   86%         5    ######.


Dungeon Overview and Level Annotations

Branches:
Dungeon (3/15)

Altars:


Innate Abilities, Weirdness & Mutations

You cannot be hasted, slowed, berserked, paralysed or teleported.
You can dig through walls and to a lower floor.
Your four strong arms can wield two-handed weapons with a shield.
You have a pair of large antennae on your head. (SInv)


Message History

Casting: Sandblast (safe; 6% risk of failure)
Confirm with . or Enter, or press ? or * to list all spells.
Aiming: Sandblast (safe; 6% risk of failure)
Press: ? - help, Shift-Dir - straight line, f/p - orc warrior
Aim: an orc warrior, wielding a +0 scimitar and wearing a cursed +0 chain mail You miscast Sandblast.
You are very lightly contaminated with residual magic.
You feel a surge of energy from the ground.
The orc warrior hits you with a +0 scimitar!
Ouch! That really hurt!
* * * LOW HITPOINT WARNING * * *
Things that are here:
a +0 hand axe; an orc corpse
As you read the scroll labeled LIEFRY DEZAE, it crumbles to dust.
It is a scroll of amnesia.
Really abort (and waste the scroll)?
Okay, then.
The orc warrior hits you with a +0 scimitar!!
Ouch! That really hurt!
You die...

#.#.#.#)##.#..........##.......##
.###.#..##....#######............
#####..######....##########.##..#
.........# #.................#.#
#..##....# ###.##............#.#
.........######.##.........#....#
#####.......)>).##...............
#....######o...#########..#..
#....#######@#..............#
#....#...##...###..########..
#..............###...#### #.#
####....................# #..
#........<...###.....###..
#####............)............
#...............##.......#....
#.........##...###............
#......########........#......


You could see an orc warrior.

Vanquished Creatures
  3 adders
  2 leopard geckos
  3 orcs
  7 goblins
  5 hobgoblins
  4 kobolds
  3 ball pythons (D:1)
  6 bats
  5 frilled lizards
  6 rats
44 creatures vanquished.

Notes
Turn   | Place    | Note
-------+----------+-------------------------------------------
     0 | D:1      | Bronimir the Formicid Earth Elementalist began the quest
                  | for the Orb.
     0 | D:1      | Reached XP level 1. HP: 13/13 MP: 3/3
   196 | D:1      | Reached skill level 4 in Earth Magic
   196 | D:1      | Reached XP level 2. HP: 19/19 MP: 3/5
   266 | D:1      | Learned a level 2 spell: Passwall
   422 | D:1      | Reached skill level 1 in Armour
   481 | D:1      | Reached XP level 3. HP: 17/24 MP: 6/6
  1057 | D:2      | Learned a level 3 spell: Stone Arrow
  1599 | D:2      | Reached XP level 4. HP: 20/30 MP: 0/7
  2041 | D:3      | Noticed an orc warrior
  2048 | D:2      | Reached skill level 1 in Polearms
  2123 | D:2      | Mangled by an orc warrior

Levels and vault maps discovered:
D:1:      dpeg_arrival_snail, layout_rooms, serial_forest,
          infiniplex_forest_clump_C, infiniplex_forest_lined_3,
          infiniplex_forest_clump_large, infiniplex_forest_straight_2,
          infiniplex_forest_lined_1, infiniplex_forest_straight_4,
          infiniplex_forest_fountain, nrook_loot_triangle,
          minmay_shallow_snake_nest
D:2:      layout_rooms, minmay_circle_x
D:3:      layout_basic, first_ration, uniq_crazy_yiuf_cottage

Skill      XL: |  1  2  3  4 |
---------------+-------------+-----
Earth Magic    | 4 |  4.8
Armour         | 1 |  1.6
Polearms       | 1 |  1.0
Dodging        | 2 |  2.0
Fighting       | |  0.3
Stealth        | |  2.4
Spellcasting   | |  2.6
Transmutations | |  1.1

Action                   |  1- 3 |  4- 6 || total
-------------------------+-------+-------++-------
Melee: Spear             |    96 |     6 ||   102
 Cast: Sandblast         |    12 |    11 ||    23
       Stone Arrow       |     3 |     2 ||     5
  Use: Scroll            |     3 |     1 ||     4
       Potion            |     1 |       ||     1
 Stab: Sleeping          |       |     1 ||     1
  Eat: Chunk             |     3 |     2 ||     5
Armor: Leather armour    |    28 |       ||    28
Dodge: Dodged            |    65 |     8 ||    73
Block: Buckler           |       |     1 ||     1
